AoeStats
← joselitopereirajr

Arabia

510231771Analyzed
4v4 RM · 1d ago on Sep 30, 2026· 33m 2s· 8 players
Game mode
Random Map
Map size
Large (8 player)
Population
200
Speed
Normal
Resources
Standard
Victory
Conquest
Starting age
Dark Age
Ending age
Imperial Age
RankedLock teamsTeams togetherTeam positionsShared explorationLock speedFull tech treeHidden civsTurbo modeCheats
Victory
Defeat
🇧🇷 Franks · Brazil
809
+15
🇧🇷 Lithuanians · Brazil
809
+15
🇧🇷 Spanish · Brazil
719
+18
🇧🇷 Cumans · Brazil
706
+19
🇺🇸 Franks · United States
799
-18
🇺🇸 Goths · United States
798
-18
🇨🇳 Spanish · China
762
-16
🇧🇷 Teutons · Brazil
744
-15
Rênio Figueirêdo
12:10 Feudal Age
14:19 Scale Barding Armor
16:25 Double-Bit Axe
20:36 Castle Age
22:28 Bow Saw
24:14 Gold Mining
25:15 Elite Skirmisher
25:49 Fletching
joselitopereirajr
11:19 Feudal Age
16:18 Castle Age
16:01 Double-Bit Axe
16:57 Wheelbarrow
16:06 Horse Collar
23:49 Scale Mail Armor
24:10 Scale Barding Armor
25:13 Forging
26:22 Chain Barding Armor
27:24 Iron Casting
35:51 Imperial Age
33:39 Hand Cart
Que vc se lasque
8:29 Loom
11:18 Feudal Age
11:52 Double-Bit Axe
12:50 Man-at-Arms
19:32 Horse Collar
24:01 Scale Mail Armor
26:07 Castle Age
24:22 Forging
25:18 Wheelbarrow
26:29 Gold Mining
26:29 Stone Mining
26:38 Stone Mining
27:14 Bloodlines
28:27 Gold Shaft Mining
28:12 Bow Saw
30:09 Scale Barding Armor
30:29 Hand Cart
29:52 Pikeman
32:35 Heavy Plow
32:06 Elite Skirmisher
THIAGO
7:36 Loom
10:21 Feudal Age
22:08 Castle Age
22:33 Scale Barding Armor
22:30 Double-Bit Axe
26:02 Forging
29:30 Bow Saw
gthet3
10:43 Feudal Age
19:10 Castle Age
17:21 Double-Bit Axe
17:24 Horse Collar
22:16 Forging
22:07 Scale Mail Armor
23:35 Iron Casting
23:41 Iron Casting
23:41 Pikeman
24:21 Squires
24:40 Bow Saw
24:55 Chain Mail Armor
25:40 Wheelbarrow
26:40 Elite Skirmisher
27:14 Fletching
27:28 Padded Archer Armor
29:22 Hand Cart
29:46 Anarchy
mthet
12:12 Feudal Age
14:26 Double-Bit Axe
14:37 Loom
16:44 Town Watch
20:18 Castle Age
20:07 Gold Mining
22:21 Town Watch
23:12 Wheelbarrow
23:32 Bow Saw
Biscoitoso
1:09 Loom
11:55 Feudal Age
12:34 Double-Bit Axe
12:41 Horse Collar
22:10 Town Watch
23:01 Wheelbarrow
22:33 Gold Mining
23:21 Stone Mining
26:27 Castle Age
24:44 Forging
24:35 Scale Mail Armor
24:26 Fletching
25:51 Bloodlines
25:28 Arson
27:21 Bow Saw
27:29 Hand Cart
27:24 Bodkin Arrow
28:50 Heavy Plow
29:04 Pikeman
29:45 Squires
30:49 Fervor
31:00 Sanctity
31:19 Chain Mail Armor
31:35 Gambesons
32:31 Iron Casting
story
5:17 Loom
11:23 Feudal Age
12:00 Horse Collar
12:18 Double-Bit Axe
19:58 Castle Age
22:04 Bow Saw
21:56 Heavy Plow
23:08 Pikeman
26:46 Husbandry
Connection lost

Rejoining the realm…

Still unreachable

The connection could not be restored.

Session expired

The server has moved on; the page needs a fresh start.